 Dungeon Crawl Stone Soup version 0.27.1-34-g3ba077fa99 (webtiles) character file.

Game seed: 13670411056274784320

74 Cykl0x the Slasher (level 4, -2/27 HPs)
             Began as a Gargoyle Gladiator on Jan 9, 2022.
             Slain by Sigmund (11 damage)
             ... on level 2 of the Dungeon.
             The game lasted 00:02:32 (1225 turns).

Cykl0x the Slasher (Gargoyle Gladiator)             Turns: 1225, Time: 00:02:32

Health: -2/27      AC: 12    Str: 19    XL:     4   Next: 28%
Magic:  5/5        EV: 12    Int:  8    God:
Gold:   111        SH:  0    Dex: 11    Spells: 5/5 levels left

rFire    . . .     SeeInvis .   a - +0 long sword
rCold    . . .     Faith    .   (no shield)
rNeg     + . .     Spirit   .   b - +0 leather armour
rPois    ∞         Reflect  .   c - +0 helmet
rElec    +         Harm     .   h - +0 cloak
rCorr    .         Rampage  .   (no gloves)
Will     .....                  (no boots)
Stlth    +.........             (no amulet)
HPRegen  0.09/turn              g - +4 ring of protection
MPRegen  0.09/turn              (no ring)

@: no status effects
A: sickness immunity, AC +3, negative energy resistance 1, electricity
resistance, torment resistance 1, petrification resistance
a: no special abilities


You were on level 2 of the Dungeon.
You visited 1 branch of the dungeon, and saw 2 of its levels.

You collected 111 gold pieces.

Inventory:

Hand Weapons
 a - a +0 long sword (weapon)
Missiles
 d - 3 throwing nets
 f - 18 stones (quivered)
Armour
 b - a +0 leather armour (worn)
 c - a +0 helmet (worn)
 h - a +0 cloak (worn)
Jewellery
 g - a +4 ring of protection (left hand)
Scrolls
 i - a scroll of summoning {unknown}
Potions
 e - a potion of curing


   Skills:
 + Level 2.5 Fighting
 + Level 3.2 Long Blades
 + Level 2.0 Throwing
 * Level 1.6 Armour
 + Level 2.6 Dodging
 * Level 1.0 Spellcasting
 * Level 1.1 Conjurations


You had 5 spell levels left.
You didn't know any spells.
Your spell library contained the following spells:

 Spells                   Type           Power      Damage    Failure   Level
 Freeze                   Ice            0%         1d3       43%         1
 Frozen Ramparts          Ice            0%         1d2       80%         3
 Hailstorm                Conj/Ice       1%         3d3       98%         4


Dungeon Overview and Level Annotations

Branches:
Dungeon (2/15)

Altars:
Sif Muna

Annotations:
D:2 Sigmund


Innate Abilities, Weirdness & Mutations

You are immune to sickness and miasma.
Your stone body is resilient. (AC +3)
You are immune to poison.
You resist negative energy. (rN+)
You are resistant to electric shocks. (rElec)
You are resistant to unholy torment.
You are immune to petrification.


Message History

You are too injured to fight recklessly!
Unknown command.
Something hits you. The quokka closely misses you.
The quokka closely misses you.
You riposte.
You slash the quokka!
You kill the quokka!
You see here a scroll labelled YGETOA QIOZI.
Found a mace.
Something hits you but does no damage.
The rat twitches its whiskers.
Found a fizzy pink potion.
A frilled lizard comes into view.
The frilled lizard hisses angrily.
It was a potion of curing.
You feel better.
You closely miss the frilled lizard. The frilled lizard misses you.
Something hits you.
You closely miss the frilled lizard. The frilled lizard closely misses you.
You riposte.
You slash the frilled lizard!
You kill the frilled lizard!
Something hits you!
* * * LOW HITPOINT WARNING * * *
You are too injured to fight recklessly!
You are too injured to fight recklessly!
You are too injured to fight recklessly!
You are too injured to fight recklessly!
You are too injured to fight recklessly!
You are too injured to fight recklessly!
You are too injured to fight recklessly!
You are too injured to fight recklessly!
You are too injured to fight recklessly!
Unknown command.
The frilled lizard bites you but does no damage.
You hit the frilled lizard.
You kill the frilled lizard!
You hear some strange, mumbled words.
Something tries to affect you, but you resist.
A kobold comes into view. It is wielding a +0 short sword.
Found a stone staircase leading up.
Unknown command.
The kobold hits you but does no damage. Something hits you!
You die...

....... ###
._...#!......# ...
....###.....##...#
........##.....#.#
............<..#.### #
††)....#... ......####.#
..r....#.# #..........
.##..##..#######K........
....?.......†.r.@........
...##...############.....
...#).### ### ...#.##
......### ........##
......#... ..........
.......#..


You could see a kobold and a rat.

Vanquished Creatures
  Jessica (D:2)
  An adder (D:2)
  A worm (D:2)
  4 bats
  2 endoplasms
  2 goblins (D:2)
  4 hobgoblins
  4 jackals (D:1)
  4 quokkas
  A ball python (D:1)
  5 frilled lizards
  2 kobolds (D:1)
  3 rats
34 creatures vanquished.

Notes
Turn   | Place    | Note
-------+----------+-------------------------------------------
     0 | D:1      | Cykl0x the Gargoyle Gladiator began the quest for the Orb.
     0 | D:1      | Reached XP level 1. HP: 12/12 MP: 1/1
   340 | D:1      | Reached XP level 2. HP: 16/17 MP: 2/2
   386 | D:1      | Reached skill level 1 in Armour
   820 | D:1      | Reached skill level 3 in Long Blades
   962 | D:2      | Reached XP level 3. HP: 13/22 MP: 3/3
  1078 | D:2      | Noticed Jessica
  1087 | D:2      | Killed Jessica
  1088 | D:2      | Reached XP level 4. HP: 19/27 MP: 5/5
  1189 | D:2      | Found a shimmering blue altar of Sif Muna.
  1192 | D:2      | Noticed Sigmund
  1197 | D:2      | Reached skill level 1 in Spellcasting
  1197 | D:2      | Reached skill level 1 in Conjurations
  1225 | D:2      | Slain by Sigmund

Illustrated notes

Levels and vault maps discovered:
D:1:      lemuel_arrival_cross, layout_loops_cross, minmay_pentomino_t4
D:2:      layout_rooms, basic_altar, uniq_jessica, uniq_robin, uniq_sigmund

Skill      XL: |  1  2  3  4 |
---------------+-------------+-----
Armour         | 1 |  1.6
Long Blades    | 3 |  3.2
Throwing       | 2 |  2.0
Spellcasting   | 1 |  1.0
Conjurations   | 1 |  1.1
Fighting       | |  2.5
Dodging        | |  2.6

Action                   |  1- 3 |  4- 6 || total
-------------------------+-------+-------++-------
Melee: Long sword        |    63 |    14 ||    77
Throw: Stone             |    26 |       ||    26
       Throwing net      |     2 |       ||     2
  Use: Potion            |       |     1 ||     1
Armor: Leather armour    |    45 |     8 ||    53
Dodge: Dodged            |    57 |    13 ||    70
       Rpst.: Long sword |    21 |     4 ||    25
